 Dungeon Crawl Stone Soup version 0.13.0-6-g40e4d2d (webtiles) character file.

733 Leibowitz the Ducker (level 7, -1/42 HPs)
             Began as a Kobold Gladiator on Oct 14, 2013.
             Slain by an ice beast (12 damage)
             ... on Level 6 of the Dungeon.
             The game lasted 00:18:23 (5639 turns).

Leibowitz the Ducker (Kobold Gladiator)             Turns: 5639, Time: 00:18:23

HP  -1/42        AC 11     Str 14      XL: 7   Next: 57%
MP   6/6         EV 19     Int  6      God:
Gold 173         SH  0     Dex 18      Spells:  0 memorised,  6 levels left

Res.Fire  : . . .   See Invis. : .   s - +0,+1 dagger (protect)
Res.Cold  : . . .   Warding    : +   b - +0 leather armour
Life Prot.: + . .   Conserve   : .   (no shield)
Res.Poison: .       Res.Corr.  : .   n - +0 horned helmet
Res.Elec. : .       Clarity    : .   (no cloak)
Sust.Abil.: . .     Spirit.Shd : .   (no gloves)
Res.Mut.  : .       Stasis     : .   (no boots)
Res.Rott. : .       Flight     : .   h - amulet of warding {unknown}
Saprovore : + + .                    (no ring)
                                     (no ring)

@: slightly resistant to hostile enchantments, stealthy
A: disease resistance, blurry vision 1, carnivore 3, saprovore 2, AC +2
a: no special abilities


You were on level 6 of the Dungeon.
You were very full.

You visited 1 branch of the dungeon, and saw 6 of its levels.

You collected 153 gold pieces.

Inventory:

Hand weapons
 a - a +0,+0 short sword
 s - a +0,+1 dagger of protection (weapon)
Missiles
 d - 14 darts (quivered)
Armour
 b - a +0 leather armour (worn)
 c - a +0 helmet
 n - a +0 horned helmet (worn)
Comestibles
 f - 3 meat rations
Scrolls
 g - a scroll of noise {unknown}
 i - 5 scrolls of identify {unknown}
 j - a scroll of curse armour {unknown}
 k - a scroll of teleportation {unknown}
 l - 2 scrolls of curse weapon {unknown}
 m - 3 scrolls of recharging {unknown}
 o - a scroll of enchant weapon I {unknown}
 p - 2 scrolls of remove curse {unknown}
Jewellery
 h - an amulet of warding (around neck) {unknown}
Potions
 e - 3 potions of curing
 q - a potion of poison {unknown}


   Skills:
 * Level 3.5 Fighting
 + Level 5.3 Short Blades
 - Level 2.6 Throwing
 * Level 7.9 Dodging
 * Level 3.8 Stealth


You had 6 spell levels left.
You didn't know any spells.

Dungeon Overview and Level Annotations

Branches:
Dungeon (6/27)
 Temple: D:4-7          Orc: D:6-11

Altars:
Fedhas
Kikubaaqudgha
Makhleb
Nemelex Xobeh
Jiyva

Annotations:
D:2 Ijyb
D:3 Sigmund
D:4 Dowan; Duvessa; Grinder
D:5 ark's ghost, experienced GrGl


Innate Abilities, Weirdness & Mutations

You recuperate from illness quickly.
You are small and have problems with some larger weapons.
You are carnivorous and can eat meat at any time.
You can eat rotten meat.
You are partially covered in yellow scales (AC +2).
Your vision is a little blurry.


Message History

You barely miss the ice beast.
The ice beast is moderately wounded.
You barely miss the ice beast.
The ice beast is moderately wounded.
The ice beast hits you. The ice beast freezes you!
* * * LOW HITPOINT WARNING * * *
You barely miss the ice beast.
The ice beast is moderately wounded.
The ice beast closely misses you.
You closely miss the ice beast.
The ice beast is moderately wounded.
You hit the ice beast.
The ice beast is heavily wounded.
The ice beast hits you but does no damage.
You closely miss the ice beast.
The ice beast is heavily wounded.
The ice beast hits you.
* * * LOW HITPOINT WARNING * * *
The ice beast freezes you!
You die...

...........
#r.........
..........
#.....%.(#
#....f.%.#
#.......(# #
#.....f.<#
#f####..I.###....
##.......@.........
...................
#######<...####...
#....# .. #........
#....#### ######


You could see an ice beast and 2 active ballistomycetes.

Vanquished Creatures
  A phantom (D:5)
  A centaur (D:5)
  An ogre (D:5)
  A jelly (D:5)
  A centaur skeleton (D:5)
  A worker ant (D:5)
  4 gnolls (D:3)
  4 adders
  A giant mite (D:4)
  A worm (D:4)
  A giant eyeball (D:4)
  6 oozes
  3 orcs
  12 bats
  6 giant cockroaches
  8 goblins
  8 hobgoblins
  12 jackals
  10 kobolds
  A quokka (D:5)
  2 ball pythons
  A giant gecko skeleton (D:4)
  9 giant newts
  9 rats
  A rat skeleton (D:5)
  A ballistomycete (D:6)
106 creatures vanquished.

Vanquished Creatures (others)
  A centaur (D:6)
  An orc (D:6)
  A bat (D:6)
  A giant spore (D:6)
4 creatures vanquished.

Grand Total: 110 creatures vanquished

Notes
Turn   | Place    | Note
--------------------------------------------------------------
     0 | D:1      | Leibowitz, the Kobold Gladiator, began the quest for the Orb.
     0 | D:1      | Reached XP level 1. HP: 13/13 MP: 0/0
   312 | D:1      | Reached XP level 2. HP: 18/18 MP: 1/1
   880 | D:1      | Reached XP level 3. HP: 20/22 MP: 2/2
  1086 | D:2      | Reached skill level 1 in Stealth
  1400 | D:2      | Gained mutation: You are partially covered in yellow scales (AC +2). [potion of mutation]
  1400 | D:2      | Gained mutation: Your vision is a little blurry. [potion of mutation]
  1576 | D:2      | Reached XP level 4. HP: 14/28 MP: 3/3
  1782 | D:2      | Reached skill level 5 in Dodging
  1829 | D:2      | Noticed Ijyb
  2440 | D:3      | Found a sparkling altar of Nemelex Xobeh.
  2483 | D:3      | HP: 1/28 [gnoll (3)]
  2790 | D:3      | Reached XP level 5. HP: 20/32 MP: 4/4
  3403 | D:3      | Noticed Sigmund
  3840 | D:4      | Paralysed by a giant eyeball for 2 turns
  3889 | D:4      | Noticed Grinder
  3889 | D:4      | Paralysed by Grinder for 3 turns
  3899 | D:5      | Entered Level 5 of the Dungeon
  3902 | D:5      | Found a viscous altar of Jiyva.
  3917 | D:5      | Reached skill level 6 in Dodging
  4030 | D:5      | Reached XP level 6. HP: 30/37 MP: 5/5
  4081 | D:5      | Found a burning altar of Makhleb.
  4155 | D:5      | Noticed ark's ghost (experienced GrGl)
  4525 | D:4      | Noticed Dowan
  4656 | D:4      | Found an ancient bone altar of Kikubaaqudgha.
  4657 | D:4      | Found a blossoming altar of Fedhas.
  4827 | D:4      | Noticed Duvessa
  4889 | D:5      | Noticed a centaur
  4907 | D:5      | Killed a centaur
  4907 | D:5      | Reached skill level 5 in Short Blades
  4907 | D:5      | Reached skill level 7 in Dodging
  4954 | D:5      | Noticed an ogre
  4979 | D:5      | Killed an ogre
  4979 | D:5      | Reached XP level 7. HP: 31/41 MP: 6/6
  5062 | D:5      | Noticed a phantom
  5083 | D:5      | Killed a phantom
  5639 | D:6      | Slain by an ice beast

Action                   |  1- 3 |  4- 6 |  7- 9 || total
-------------------------+-------+-------+-------++-------
Melee: Short sword       |   148 |   331 |       ||   479
       Dagger            |       |   102 |   118 ||   220
Throw: Dart              |       |     5 |       ||     5
  Use: Potion            |     3 |     2 |       ||     5
       Scroll            |       |     1 |       ||     1
 Stab: Sleeping          |     3 |     4 |     1 ||     8
       Distracted        |       |     1 |       ||     1
